Map: Kairos Junction LE

Players

PeLLy - Winner!

  • Race: Zerg Zerg
  • League: Diamond
  • Spawn Location: 5:00

Dave

  • Race: Terran Terran
  • League: Diamond
  • Spawn Location: 11:00

VOD

Have the link to the VOD?

Description

Time

  • Played on: Aug. 1, 2019, 4:14 p.m.
  • Length: 17:27
Show
View Real Time Build Order
Export as new Build Order

PeLLy Zerg - Winner!

Build Orders: Hatch First 

Get SALT Encoding   

  12  0:00  Drone  
  13  0:12  Overlord  
  13  0:17  Drone  
  14  0:30  Drone x2  
  14  0:34  Drone  
  17  0:52  Hatchery  
  17  0:55  Drone  
  17  0:59  Drone  
  18  1:14  Spawning Pool  
  17  1:19  Extractor  
  17  1:22  Drone x2  
  18  1:28  Drone  
  19  1:39  Overlord  
  19  1:52  Drone  
  20  2:03  Drone  
  21  2:13  Overlord  
  21  2:26  Drone x4  
  21  2:27  Queen x2  
  29  2:43  Overlord  
  29  2:45  Drone x2  
  29  2:47  Metabolic Boost  
  31  2:52  Drone  
  31  2:56  Drone  
  33  3:09  Hatchery  
  32  3:13  Drone x3  
  32  3:17  Drone  
  36  3:31  Drone  
  36  3:32  Drone x2  
  39  3:38  Lair  
  39  3:47  Evolution Chamber  
  38  3:50  Evolution Chamber  
  38  3:53  Roach Warren  
  38  3:54  Queen  
  38  3:57  Drone x4  
  38  3:58  Drone x2  
  38  4:02  Extractor  
  43  4:03  Extractor  
  43  4:05  Drone x2  
  44  4:24  Drone x5  
  49  4:39  Overlord x3  
  49  4:55  Spine Crawler  
  48  5:05  Extractor  
  47  5:09  Roach x10  
  47  5:12  Glial Reconstitution  
  67  5:14  Zerg Missile Weapons Level 1  
  67  5:29  Roach  
  67  5:30  Roach x2  
  67  5:33  Overlord x2  
  73  5:39  Drone  
  73  5:40  Overlord x2  
  73  5:41  Overlord  
  74  5:59  Ravager x4  
  74  6:01  Drone  
  74  6:02  Drone x7  
  74  6:04  Overlord  
  86  6:10  Queen  
  88  6:13  Spore Crawler  
  88  6:15  Spore Crawler  
  72  6:36  Roach x9  
  90  6:45  Baneling Nest  
  89  6:49  Drone  
  89  6:50  Drone x6  
  96  6:56  Drone x4  
  96  7:00  Extractor x2  
  98  7:05  Drone x2  
  100  7:11  Zergling x2  
  100  7:12  Zergling x8  
  100  7:13  Hatchery  
  100  7:33  Roach x8  
  116  7:45  Centrifical Hooks  
  116  7:47  Zergling x10  
  116  7:49  Overlord x3  
  121  7:52  Zergling x2  
  122  8:01  Zerg Missile Weapons Level 2  
  122  8:03  Zerg Melee Weapons Level 1  
  122  8:07  Zergling x12  
  128  8:22  Baneling x6  
  128  8:28  Ravager  
  128  8:29  Baneling x2  
  128  8:30  Baneling x8  
  128  8:43  Roach x7  
  128  8:44  Roach  
  128  8:46  Overlord x4  
  119  9:04  Zergling x26  
  119  9:09  Queen  
  134  9:12  Drone x2  
  134  9:16  Spire  
  135  9:20  Infestation Pit  
  134  9:26  Baneling  
  134  9:27  Baneling x13  
  134  9:30  Ravager x2  
  134  9:31  Ravager x2  
  137  9:32  Ravager  
  137  9:37  Spore Crawler  
  117  10:10  Roach x19  
  117  10:11  Roach x3  
  119  10:17  Zergling x10  
  99  10:40  Zergling x8  
  99  10:41  Zergling x14  
  96  10:50  Zergling x8  
  100  11:04  Baneling  
  100  11:05  Baneling x5  
  100  11:07  Ravager x2  
  100  11:09  Baneling x10  
  100  11:15  Zergling x14  
  100  11:16  Zergling x2  
  100  11:37  Zergling x8  
  100  11:38  Zergling x18  
  77  12:06  Zerg Melee Weapons Level 2, Hydralisk Den  
  76  12:08  Hive  
  76  12:12  Roach x14  
  76  12:13  Roach  
  106  12:17  Baneling  
  106  12:18  Baneling x7  
  106  12:31  Drone x4  
  106  12:32  Drone x4  
  85  13:05  Ravager x2  
  85  13:06  Ravager x3  
  85  13:10  Roach x6  
  85  13:11  Roach x13  
  126  13:40  Zergling x2  
  125  13:49  Overlord x3  
  125  13:50  Overlord  
  78  14:10  Roach x13  
  78  14:11  Roach x9  
  117  14:19  Ravager x2  
  117  14:21  Roach x3  
  125  14:36  Hydralisk x7  
  135  14:40  Zergling x2  
  135  14:45  Queen x3  
  142  14:48  Zergling x6  
  141  15:06  Hydralisk x7  
  141  15:07  Hydralisk x3  
  146  15:16  Baneling x7  
  146  15:18  Zergling x18  
  141  15:47  Roach Warren, Grooved Spines  
  140  15:54  Adrenal Glands  
  130  16:04  Hydralisk x2  
  130  16:05  Hydralisk x7  
  130  16:08  Zergling x14  
  132  16:18  Extractor  
  132  16:19  Extractor  
  132  16:21  Hydralisk x3  
  104  16:38  Zergling x14  
  104  16:39  Zergling x4  
  109  16:42  Baneling x2  
  109  16:43  Baneling x9  
  109  16:49  Zergling x2  
  109  16:50  Zergling x2  
Show
View Real Time Build Order
Export as new Build Order

Dave Terran 

Build Orders:  

Get SALT Encoding   

  12  0:01  SCV  
  13  0:13  SCV  
  14  0:17  Supply Depot  
  14  0:25  SCV  
  15  0:39  SCV  
  16  0:43  Barracks  
  16  0:47  Refinery  
  16  0:51  SCV  
  17  1:03  SCV  
  18  1:15  SCV  
  19  1:30  Orbital Command  
  19  1:31  Marine  
  20  1:34  Supply Depot  
  20  1:57  Command Center  
  20  2:05  SCV  
  21  2:12  Factory  
  21  2:14  Barracks Reactor  
  21  2:17  SCV  
  22  2:29  SCV  
  23  2:41  SCV  
  24  2:47  Supply Depot  
  24  2:54  SCV  
  25  3:06  SCV  
  25  3:08  Barracks  
  25  3:11  Hellion x2  
  25  3:12  Orbital Command  
  30  3:18  SCV  
  30  3:19  Barracks Tech Lab  
  31  3:23  Refinery  
  31  3:29  Barracks  
  31  3:30  SCV  
  31  3:32  Hellion x2  
  36  3:38  Engineering Bay  
  36  3:41  SCV  
  36  3:42  SCV  
  38  3:54  Widow Mine x2, Stimpack  
  42  4:02  Orbital Command  
  42  4:04  Marine  
  42  4:05  Marine  
  42  4:09  SCV  
  45  4:15  Widow Mine x2  
  49  4:21  Barracks Reactor  
  49  4:24  Barracks Reactor  
  49  4:54  Supply Depot  
  49  4:57  Supply Depot  
  49  5:10  Marauder  
  49  5:11  Marine x3  
  54  5:16  Widow Mine, Marine  
  54  5:17  Widow Mine  
  54  5:18  Supply Depot  
  54  5:21  Supply Depot  
  59  5:27  Starport  
  59  5:29  Marine x3  
  59  5:31  Marine  
  59  5:34  Marine  
  64  5:40  Supply Depot  
  64  5:44  Supply Depot  
  64  5:47  Marine x2  
  66  5:53  Widow Mine x2  
  66  5:54  Combat Shield  
  66  5:55  Terran Infantry Weapons Level 1  
  70  5:57  SCV x2  
  72  6:06  Starport Reactor  
  72  6:09  SCV x2  
  74  6:11  Barracks  
  74  6:17  Armory  
  74  6:21  SCV x2  
  71  6:33  SCV x2  
  71  6:38  Marine x5  
  78  6:40  Widow Mine x2  
  82  6:55  Marine  
  82  6:56  Marine x4  
  82  6:58  SCV  
  82  6:59  SCV  
  89  7:01  Widow Mine  
  89  7:02  Widow Mine  
  93  7:08  Medivac x2  
  93  7:11  SCV  
  93  7:13  Marine x3, Barracks Reactor  
  93  7:14  Marine  
  102  7:21  Marine  
  102  7:22  Command Center  
  103  7:29  Supply Depot  
  99  7:31  Supply Depot, Marine  
  94  7:53  Supply Depot  
  94  7:54  Marine x7  
  94  7:55  Supply Depot  
  94  7:56  Widow Mine x2  
  94  7:57  Medivac  
  107  8:09  Refinery  
  107  8:11  Marine x2  
  107  8:12  Marine x5  
  114  8:18  Widow Mine x2  
  118  8:29  Marine x3  
  118  8:30  Marine x3  
  122  8:38  Marine  
  122  8:39  Widow Mine  
  122  8:40  Widow Mine  
  127  8:47  Marine x6  
  119  8:56  Marine  
  119  9:00  Widow Mine  
  119  9:02  Widow Mine  
  108  9:05  Marine x2  
  110  9:18  Marine x5  
  110  9:22  Widow Mine  
  110  9:23  Terran Infantry Weapons Level 2, Widow Mine, Marine x2  
  121  9:36  Marine x5  
  126  9:40  Marine  
  126  9:41  Marine  
  128  9:53  Marine x2  
  128  9:54  Marine x3  
  97  10:17  Marine x5  
  97  10:18  Marine x2  
  103  10:24  Widow Mine x2  
  106  10:35  Marine x6  
  102  10:36  Marine  
  95  10:45  Widow Mine x2  
  95  10:53  Marine x7  
  95  10:55  Planetary Fortress  
  102  11:04  Missile Turret  
  102  11:07  Widow Mine  
  102  11:08  Widow Mine  
  102  11:10  Marine  
  102  11:11  Marine x6  
  106  11:28  Widow Mine, Marine x3  
  106  11:29  Widow Mine, Marine  
  101  11:39  Terran Infantry Armor Level 1  
  74  11:49  Widow Mine  
  74  11:50  Widow Mine  
  61  12:04  Marine x5  
  61  12:05  Marine x2  
  68  12:08  Medivac x2  
  68  12:11  Widow Mine  
  68  12:12  Widow Mine  
  76  12:22  Marine x7  
  83  12:32  Widow Mine  
  83  12:33  Widow Mine  
  87  12:39  Marine  
  87  12:40  Marine x6  
  89  12:57  Marine x2  
  89  12:58  Marine x2  
  73  13:13  Marine x3  
  73  13:15  Widow Mine x2, Marine x3  
  73  13:16  Marine  
  83  13:30  Marine  
  83  13:31  Marine x2  
  83  13:32  Medivac x2  
  83  13:33  Marine x4, Terran Infantry Weapons Level 3  
  94  13:36  Widow Mine x2  
  98  13:48  Marine x3  
  98  13:51  Marine x4  
  105  13:57  Widow Mine  
  105  13:58  Widow Mine  
  97  14:06  Marine x3  
  97  14:09  Marine x4  
  90  14:19  Widow Mine x2  
  94  14:24  Marine x3  
  94  14:26  Marine  
  94  14:27  Marine x3  
  92  14:42  Marine x3  
  92  14:44  Marine x3  
  92  14:45  Marine  
  99  14:59  Marine  
  89  15:00  Marine x2  
  89  15:02  Marine x4  
  77  15:16  Widow Mine  
  77  15:17  Marine x2  
  77  15:18  Marine  
  77  15:20  Marine x4  
  85  15:35  Marine x3  
  79  15:38  Marine x3  
  79  15:42  Widow Mine x2  
  80  15:57  Orbital Command  
  80  16:04  Widow Mine  
  52  16:34  Marine x2  
  52  16:35  Marine x5  
  58  16:52  Marine x4  
  58  16:53  Marine x2  
Tags
 
Add a new tag
Caveats
  • Supply blocks, unpowered buildings, or Contaminate may cause inaccurate times.
  • Supply counts are checked every 10 seconds.